 Dungeon Crawl Stone Soup version 0.32-a0-898-g7811c86cf0 (webtiles) character file.

Game seed: 355404277589702228

137344 DEFE the Fetichist (level 17, -1/109 HPs)
             Began as a Coglin Fighter on Apr 4, 2024.
             Was a High Priest of Okawaru.
             Slain by a pharaoh ant (26 damage)
             ... on level 3 of the Spider Nest.
             The game lasted 00:33:30 (30116 turns).

DEFE the Fetichist (Coglin Fighter)                Turns: 30116, Time: 00:33:31

Health: -1/109     AC: 41    Str: 27    XL:     17   Next: 23%
Magic:  11/17      EV: 11    Int:  9    God:    Okawaru [*****.]
Gold:   3718       SH:  0    Dex: 15    Spells: 16/16 levels left

rFire   + . .        D - +6 broad axe (flame) {Ku-aya}
rCold   + . .        Q - +0 broad axe (freeze) {Karolin}
rNeg    + . .        P - +10 shadow dragon scales of Juley {rN+ MP-9 Str+3 Dex+2 Stlth++++}
rPois   +            N - +4 hat of Bedevilment {rPois Will+ rCorr}
rElec   +            F - scarf {rC+ rF+}
rCorr   +            M - +1 pair of gloves
SInv    .            k - +3 pair of seven-league boots {Rampage+∞}
Will    +++..        (amulet unavailable)
Stlth   +++++        (ring unavailable)
HPRegen 0.38/turn    (ring unavailable)
MPRegen 0.15/turn    T - gyrotuning subsystem {rElec Will+ Clar RMsl}

%: repel missiles, clarity, rampage+∞
@: heroic, finesse-ful, studying Conjurations
A: off-hand wielding, slow wielding, warmup strikes, no jewellery, sturdy frame
1
a: Renounce Religion, Heroism, Finesse, Duel


You were on level 3 of the Spider Nest.
You worshipped Okawaru.
Okawaru was extremely pleased with you.
You visited 5 branches of the dungeon, and saw 26 of its levels.
You also visited: Trove, Bailey and Gauntlet.

You collected 3718 gold pieces.

Inventory:

Hand Weapons
 D - a +6 broad axe of flaming (weapon) {Ku-aya}
 Q - a +0 broad axe of freezing (offhand) {Karolin}
 Y - a +3 war axe
Missiles
 z - 6 curare-tipped darts (quivered)
Armour
 b - a +1 plate armour of positive energy
 e - a +2 helmet of see invisible
 k - the +3 pair of seven-league boots (worn) {Rampage+∞}
   (You found it in a treasure trove)

   Rampage+∞: When moving toward enemies, its wearer moves as far as possible,
   alerting their target en route.
 A - a +2 pair of boots
 F - a scarf of resistance (worn)
 H - the +0 cloak of Ucumn {rF- Will+ Dex+7 SInv}
   (You found it in a Gauntlet)

   Dex+7:     It affects your dexterity (+7).
   rF-:       It makes you vulnerable to fire.
   Will+:     It increases your willpower.
   SInv:      It lets you see invisible.
 M - a +1 pair of gloves (worn)
 N - the +4 hat of Bedevilment (worn) {rPois Will+ rCorr}
   (You found it in a treasure trove)

   rPois:     It protects you from poison.
   Will+:     It increases your willpower.
   rCorr:     It protects you from acid and corrosion.
 O - +0 ice dragon scales
 P - the +10 shadow dragon scales of Juley (worn) {rN+ MP-9 Str+3 Dex+2 Stlth++++}
   (Okawaru gifted it to you on level 1 of the Lair of Beasts)

   Str+3:     It affects your strength (+3).
   Dex+2:     It affects your dexterity (+2).
   rN+:       It protects you from negative energy.
   MP-9:      It affects your magic capacity (-9).
   Stlth++++: It makes you much more stealthy.
Gizmo
 T - a gyrotuning subsystem (installed) {rElec Will+ Clar RMsl}
   (You invented it yourself on level 3 of the Lair of Beasts)

   [gyrotuning subsystem]

   rElec:     It insulates you from electricity.
   Will+:     It increases your willpower.
   Clar:      It protects you from confusion, rage, mesmerisation and fear.
   RMsl:      It protects you from missiles.
Wands
 d - a wand of warping (22)
 f - a wand of mindburst (2)
 y - a wand of flame (34)
 R - a wand of acid (12)
Scrolls
 g - 6 scrolls of fog
 h - 2 scrolls of brand weapon
 n - 2 scrolls of silence
 q - 5 scrolls of immolation
 t - 2 scrolls of enchant weapon
 w - 6 scrolls of fear
 x - a scroll of revelation
 B - 6 scrolls of poison
 I - 4 scrolls of teleportation
 J - 5 scrolls of summoning
 V - 3 scrolls of amnesia
 W - 5 scrolls of identify
 X - a scroll of vulnerability
 Z - 2 scrolls of enchant armour
Potions
 a - 2 potions of berserk rage
 l - a potion of magic
 m - 6 potions of brilliance
 o - 6 potions of curing
 p - 4 potions of heal wounds
 r - a potion of resistance
 s - 5 potions of haste
 u - a potion of enlightenment
 v - 6 potions of attraction
 C - 2 potions of lignification
 E - 3 potions of invisibility
 G - 2 potions of mutation
 K - a potion of cancellation
 S - 3 potions of might
 U - 2 potions of ambrosia
Miscellaneous
 c - a condenser vane (inert)
 i - a phial of floods
 j - a lightning rod (4/4)
 L - a box of beasts


   Skills:
 - Level 3.0(8.0) Fighting
 - Level 18.0(23.0) Axes
 + Level 13.0(18.0) Armour
 - Level 2.1(7.1) Shields
 + Level 12.0 Invocations
 + Level 20.1 Evocations


You had 16 spell levels left.
You didn't know any spells.
Your spell library contained the following spells:

 Spells                   Type           Power      Damage    Failure   Level
 Apportation              Tloc           0%         N/A       67%         1
 Necrotise                Necr           0%         1d4       67%         1
 Ensorcelled Hibernation  Hex/Ice        0%         N/A       82%         2
 Jinxbite                 Hex            0%         N/A       82%         2
 Lesser Beckoning         Tloc           0%         N/A       82%         2
 Sublimation of Blood     Necr           0%         N/A       82%         2
 Maxwell's Portable Pile  Tloc           0%         2d(5-13)  96%         3
 Passwall                 Erth           0%         N/A       96%         3
 Swiftness                Air            0%         N/A       96%         3
 Teleport Other           Tloc           0%         N/A       96%         3
 Volatile Blastmotes      Fire/Tloc      0%         2d10      96%         3
 Leda's Liquefaction      Alch/Erth      0%         N/A       100%        4
 Petrify                  Alch/Erth      0%         N/A       100%        4
 Vhi's Electric Charge    Tloc/Air       0%         N/A       100%        4
 Alistair's Intoxication  Alch           0%         N/A       100%        5
 Irradiate                Conj/Alch      0%         3d11      100%        5
 Metabolic Englaciation   Hex/Ice        0%         N/A       100%        5
 Bombard                  Conj/Erth      0%         9d1       100%        6
 Orb of Destruction       Conj           0%         9d5       100%        7
 Summon Blazeheart Golem  Fire/Summ      Unusable   N/A       N/A         4
 Spellforged Servitor     Conj/Summ      Unusable   N/A       N/A         7

Dungeon Overview and Level Annotations

Branches:
Dungeon (15/15)            Temple (1/1) D:4            Lair (5/5) D:8
 Shoals (0/4) Lair:2       Spider (3/4) Lair:3          Orc (2/2) D:9
    Elf (0/3) Orc:2        Vaults (0/5) D:13         Depths (0/4) D:15
 Bailey (visited)         Gauntlet (visited)
  Slime: Lair:4-5

Altars:
Ashenzari
Cheibriados
Dithmenos
Elyvilon
Fedhas
Gozag
Hepliaklqana
Kikubaaqudgha
Makhleb
Nemelex Xobeh
Okawaru
Qazlal
Ru
Sif Muna
Trog
Uskayaw
Vehumet
Wu Jian
Xom
Yredelemnul
Zin
The Shining One
Jiyva

Shops:
D:9 =   D:10 [   Orc:1 :   Orc:2 [(:(

Annotations:
D:3 1 runed translucent door, Crazy Yiuf
D:8 Jeremiah
Lair:1 exclusion: oklob plant
Lair:4 exclusion: 2 oklob plants
Spider:1 2 transporters, Vegewkit's ghost, adept GrAE
Spider:3 Donald


Innate Abilities, Weirdness & Mutations

You can wield a second weapon in your off-hand.
It takes a long time for you to wield or remove held weapons.
Your first few attacks do less damage.
You cannot equip rings or amulets.
Your movements are slightly less encumbered by armour. (ER -2)


Message History

You can now deal lightning-fast blows.
The orb spider weaves a glowing orb of energy.
A pharaoh ant comes into view.
Donald makes a rude gesture at you.
Donald mumbles some strange words.
Donald seems to grow stronger.
An orb of destruction comes into view.
You gain the combat prowess of a mighty hero.
The wavering orb of destruction hits you!!
A jorogumo comes into view.
The pharaoh ant gives a chilling moan.
The jorogumo shouts!
Unknown command.
You are too injured to fight recklessly!
You are too injured to fight recklessly!
Unknown command.
You are too injured to fight recklessly!
Unknown command.
You are too injured to fight recklessly!
Unknown command.
You are too injured to fight recklessly!
Donald gestures wildly while chanting.
Donald seems to speed up.
Donald blocks your attack.
You slice Donald with your +6 broad axe of flaming!!
You burn Donald.
Unknown command.
You slash Donald with your +6 broad axe of flaming!
You burn Donald.
Donald is heavily wounded.
Donald blocks your attack.
Donald hits you with a +3 scimitar of holy wrath.
Unknown command.
Donald attacks as he pursues you!
Donald hits you with a +3 scimitar of holy wrath!!
There is a stone staircase leading up, spattered with blood here.
Unknown command.
Donald hits you with a +3 scimitar of holy wrath!
* * * LOW HITPOINT WARNING * * *
Donald misses you. The pharaoh ant bites you!!
You die...

....#..#!.#
....#.... .
#.......#.
#........ ..
#...(..##.#.##
#.#....#.......
#......#.......
#..@...#........
#..@B.......^...
#...............
#...s.....^#.#.#
#^..............
###.#...H.s.#...
................
^..#.....†......
..#...............


You could see a jorogumo, Donald (fast, strong), an orb spider, a pharaoh ant
and a redback (wandering).

Vanquished Creatures
  Agnes (D:14)
  A storm dragon (D:12)
  A tengu reaver (D:12)
  2 emperor scorpions (Spider:2)
  A ghost moth (Spider:2)
  An ironbound preserver (D:13)
  Nessos (D:14)
  A spark wasp (Spider:1)
  3 dire elephants
  A minotaur (Gauntlet)
  3 entropy weavers
  2 ogre magi
  2 centaur warriors (D:13)
  A death knight (D:12)
  6 hydras
  6 radroaches
  2 catoblepae
  7 two-headed ogres
  A jorogumo (Spider:3)
  10 boulder beetles
  8 death yaks (Lair:5)
  2 tengu warriors
  5 demonic crawlers
  An occultist (D:15)
  3 orc high priests (Orc:2)
  3 skysharks
  3 pharaoh ants
  Lodul (D:14)
  A sun moth (Spider:2)
  Pikel (D:3)
  An orb spider (Spider:2)
  A lindwurm (Lair:5)
  2 deep elf pyromancers
  2 large abominations (Gauntlet)
  9 orc knights
  A lightning spire (Gauntlet)
  A steelbarb worm (Spider:1)
  3 orc sorcerers (Orc:2)
  2 ugly things
  9 wolf spiders
  8 manticores
  2 cyclopes
  5 kobold blastminers
  5 black mambas
  3 meliai (Spider:1)
  20 elephants (Lair:5)
  2 gargoyles
  10 cane toads
  3 torpor snails
  An unseen horror (D:12)
  4 yaktaurs
  3 kobold demonologists (D:13)
  2 efreet (D:12)
  3 rime drakes
  3 komodo dragons
  4 tengu conjurers (D:15)
  9 trolls
  3 hornets
  A wind drake (Lair:2)
  14 tarantellas
  6 polar bears
  19 blink frogs
  21 jumping spiders
  3 dream sheep (Lair:5)
  A raiju (shapeshifter) (D:12)
  2 raiju (Gauntlet)
  16 slime creatures
  Sigmund (D:6)
  19 culicivoras
  A vampire (D:12)
  A centaur simulacrum (D:14)
  6 shadows
  6 wyverns
  A wraith (D:10)
  6 basilisks
  51 yaks
  34 redbacks
  2 steam dragons (D:8)
  2 wargs (D:15)
  16 vampire mosquitoes
  6 acid dragons
  19 water moccasins
  2 black bears
  19 orc warriors
  4 ice beasts (D:8)
  3 sky beasts
  10 ogres
  3 small abominations (Gauntlet)
  24 wolves
  6 centaurs
  Blork the orc (D:5)
  A phantom (D:7)
  5 kobold brigands
  13 bullfrogs
  2 gnoll sergeants (D:8)
  4 scorpions
  5 wights (D:7)
  10 killer bees
  2 howler monkeys
  A bombardier beetle (D:6)
  5 hounds
  9 jellies
  A gnoll bouda (D:6)
  11 orc priests
  2 scrub nettles (Lair:2)
  A sleepcap (D:8)
  Terence (D:3)
  2 iguanas
  14 orc wizards
  11 hell rats
  A mummy (D:6)
  17 gnolls
  12 adders
  A shadow imp (D:7)
  3 white imps
  2 ufetubi (D:5)
  3 dart slugs
  A ribbon worm (D:5)
  57 orcs
  18 endoplasms
  3 giant cockroaches (D:4)
  17 goblins
  9 hobgoblins
  4 jackals
  27 kobolds
  9 quokkas
  7 ball pythons
  7 bats
  2 frilled lizards
  5 rats
833 creatures vanquished.

Vanquished Creatures (others)
  A water moccasin (Lair:2)
1 creature vanquished.

Grand Total: 834 creatures vanquished

Notes
Turn   | Place    | Note
-------+----------+-------------------------------------------
     0 | D:1      | DEFE the Coglin Fighter began the quest for the Orb.
     0 | D:1      | Reached XP level 1. HP: 18/18 MP: 1/1
   184 | D:1      | Reached XP level 2. HP: 24/24 MP: 2/2
   988 | D:2      | Reached XP level 3. HP: 29/29 MP: 3/3
  1273 | D:2      | Reached XP level 4. HP: 35/35 MP: 4/4
  1744 | D:3      | You fall into a shaft and drop 1 floor!
  2072 | D:3      | Found a runed translucent door.
  2073 | D:3      | Noticed Crazy Yiuf
  2202 | D:3      | Noticed Terence
  2209 | D:3      | Killed Terence
  2274 | D:3      | Reached skill level 5 in Axes
  2288 | D:3      | Reached XP level 5. HP: 35/41 MP: 5/5
  2368 | D:3      | Found a burning altar of Makhleb.
  2368 | D:3      | Found a glowing silver altar of Zin.
  2369 | D:3      | Noticed an angel
  2369 | D:3      | Noticed a balrug
  2682 | D:4      | Noticed a lemure
  2682 | D:4      | Noticed Pikel
  2684 | D:4      | Noticed a lemure
  2685 | D:4      | Noticed a lemure
  2685 | D:4      | Noticed a lemure
  2709 | D:3      | Killed Pikel
  2710 | D:3      | Reached XP level 6. HP: 26/47 MP: 6/6
  2710 | D:3      | Reached XP level 7. HP: 29/52 MP: 7/7
  2891 | D:4      | Found a radiant altar of Vehumet.
  2951 | D:4      | Found a staircase to the Ecumenical Temple.
  2955 | D:4      | Found a faded altar of an unknown god.
  2962 | Temple   | Entered the Ecumenical Temple
  3021 | D:4      | Found a basalt altar of Yredelemnul.
  3197 | D:4      | Identified the +4 dagger of Ryuwegacw {elec, Int+3}
  3367 | D:5      | Entered Level 5 of the Dungeon
  3775 | D:5      | Noticed Blork the orc
  3780 | D:5      | Killed Blork the orc
  3781 | D:5      | Reached XP level 8. HP: 52/58 MP: 8/8
  4503 | D:6      | Reached skill level 10 in Axes
  5167 | D:6      | Found a shimmering altar of Xom.
  5393 | D:6      | Noticed Sigmund
  5404 | D:6      | Killed Sigmund
  5405 | D:6      | Reached XP level 9. HP: 41/63 MP: 9/9
  5549 | D:6      | Found a snail-covered altar of Cheibriados.
  5563 | D:6      | Found a broken altar of Ashenzari.
  5885 | D:6      | Found a blossoming altar of Fedhas.
  6534 | D:7      | Got the Elucidation of Malevolent Deeds
  6585 | D:7      | Found a flagged portal.
  6594 | Bailey   | Entered a bailey
  7012 | Bailey   | Gained mutation: Your body sometimes deteriorates upon
                  | taking damage. [potion of mutation]
  7012 | Bailey   | Gained mutation: Your spells are a little easier to cast,
                  | but a little less powerful. [potion of mutation]
  7012 | Bailey   | Gained mutation: You passively map a small area around you.
                  | [potion of mutation]
  7110 | Bailey   | Noticed an orc knight
  7177 | Bailey   | Noticed an orc warlord
  7199 | Bailey   | HP: 2/63 [orc knight/+0 war axe (28)]
  7330 | D:7      | Reached XP level 10. HP: 45/70 MP: 10/10
  7508 | D:7      | Found a hazy altar of Hepliaklqana.
  8023 | D:7      | Lost mutation: Your body sometimes deteriorates upon taking
                  | damage. [potion of mutation]
  8023 | D:7      | Lost mutation: You passively map a small area around you.
                  | [potion of mutation]
  8023 | D:7      | Lost mutation: Your spells are a little easier to cast, but
                  | a little less powerful. [potion of mutation]
  8023 | D:7      | Gained mutation: Your movements are slightly less
                  | encumbered by armour. (ER -2) [potion of mutation]
  8027 | D:7      | Reached skill level 1 in Evocations
  8068 | D:7      | Reached skill level 2 in Evocations
  8562 | D:8      | Found an iron altar of Okawaru.
  8572 | D:8      | Became a worshipper of Warmaster Okawaru
  8659 | D:8      | Noticed a manticore
  8660 | D:8      | Noticed a two-headed ogre
  8673 | D:8      | Reached skill level 3 in Evocations
  8881 | D:8      | Killed a manticore
  8881 | D:8      | Reached * piety under Okawaru
  8882 | D:8      | Reached skill level 4 in Evocations
  9247 | D:8      | Noticed a red ugly thing
  9401 | D:8      | Killed a red ugly thing
  9402 | D:8      | Reached skill level 5 in Evocations
  9446 | D:8      | Killed a two-headed ogre
  9446 | D:8      | Reached ** piety under Okawaru
  9447 | D:8      | Reached skill level 6 in Evocations
  9475 | D:8      | Reached skill level 15 in Axes
  9477 | D:8      | Reached skill level 7 in Evocations
  9682 | D:8      | Identified a scroll of acquirement
  9683 | D:8      | Acquired a +4 broad axe of flaming
  9735 | D:8      | Reached XP level 11. HP: 64/75 MP: 11/11
  9740 | D:8      | Reached skill level 8 in Evocations
  9771 | D:8      | Found a staircase to the Lair.
  9789 | D:8      | Reached *** piety under Okawaru
 10035 | D:8      | Noticed Jeremiah
 10167 | D:8      | Reached skill level 9 in Evocations
 10639 | D:9      | Noticed a cyclops
 10648 | D:9      | Killed a cyclops
 10705 | D:9      | Reached **** piety under Okawaru
 10872 | D:9      | Found a staircase to the Orcish Mines.
 10932 | D:9      | Found an ancient bone altar of Kikubaaqudgha.
 11018 | D:9      | Found Uptoro's Jewellery Boutique.
 11194 | D:10     | Entered Level 10 of the Dungeon
 11346 | D:10     | Reached skill level 10 in Evocations
 11426 | D:10     | Reached skill level 1 in Invocations
 11692 | D:10     | Found Ecvexuygh's Antique Armour Shop.
 11850 | D:10     | Noticed a two-headed ogre
 11857 | D:10     | Killed a two-headed ogre
 12153 | D:11     | Reached ***** piety under Okawaru
 12474 | D:11     | Acquired 590 gold pieces
 12528 | D:11     | Found an ancient bone altar of Kikubaaqudgha.
 12566 | D:11     | Received a gift from Okawaru
 12567 | D:11     | Reached skill level 11 in Evocations
 12738 | D:11     | Reached XP level 12. HP: 80/81 MP: 14/14
 12871 | D:11     | Found a portal to a secret trove of treasure.
 12932 | D:11     | You paid a toll of 3 scrolls of blinking to enter a
                  | treasure trove
 12933 | Trove    | Entered a treasure trove
 12933 | Trove    | Found the +3 pair of seven-league boots {Rampage+∞}
 13031 | Trove    | Identified the +4 hat of Bedevilment {rPois Will+ rCorr}
 13107 | D:11     | Noticed a two-headed ogre
 13121 | D:11     | Killed a two-headed ogre
 13847 | D:12     | Noticed a boulder beetle
 13847 | D:12     | Identified the +2 robe of Forking Paths {rElec}
 13847 | D:12     | Noticed an ogre mage
 13862 | D:12     | Received a gift from Okawaru
 13863 | D:12     | Killed an ogre mage
 13874 | D:12     | Killed a boulder beetle
 13924 | D:12     | Noticed a six-headed hydra
 13931 | D:12     | Killed a seven-headed hydra
 14078 | D:12     | Found a gate leading to a gauntlet.
 14088 | Gauntlet | Entered a Gauntlet
 14088 | Gauntlet | Found a transporter.
 14088 | Gauntlet | Found a transporter.
 14092 | Gauntlet | Found a transporter.
 14093 | Gauntlet | Found a transporter.
 14106 | Gauntlet | Found a transporter.
 14107 | Gauntlet | Found a transporter.
 14108 | Gauntlet | Found a transporter.
 14110 | Gauntlet | Found a transporter.
 14116 | Gauntlet | Found a transporter.
 14124 | Gauntlet | Found a transporter.
 14204 | Gauntlet | Found a transporter.
 14208 | Gauntlet | Found a transporter.
 14303 | Gauntlet | Reached skill level 12 in Evocations
 14655 | Gauntlet | Received a gift from Okawaru
 14721 | Gauntlet | Noticed a minotaur
 14727 | Gauntlet | Killed a minotaur
 14728 | Gauntlet | Reached skill level 5 in Armour
 14741 | Gauntlet | Identified the staff of the Eleven Nightmares {rElec rN+
                  | Necro}
 14741 | Gauntlet | Identified the +0 cloak of Ucumn {rF- Will+ Dex+7 SInv}
 14847 | D:12     | Reached skill level 5 in Invocations
 15128 | D:12     | Reached XP level 13. HP: 77/86 MP: 16/16
 15359 | D:12     | Reached skill level 13 in Evocations
 15530 | D:12     | Noticed a storm dragon
 15543 | D:12     | Killed a storm dragon
 15621 | D:12     | Noticed a tengu reaver
 15636 | D:12     | Killed a tengu reaver
 15836 | D:12     | Received a gift from Okawaru
 16405 | Lair:1   | Entered Level 1 of the Lair of Beasts
 17025 | Lair:1   | Reached ****** piety under Okawaru
 17026 | Lair:1   | Acquired a +0 heavy broad axe
 17026 | Lair:1   | Received a gift from Okawaru
 17144 | Lair:1   | Acquired the +10 shadow dragon scales of Juley {rN+ MP-9
                  | Str+3 Dex+2 Stlth++++}
 17144 | Lair:1   | Received a gift from Okawaru
 17453 | Lair:2   | Found a staircase to the Shoals.
 17455 | Lair:2   | Reached skill level 14 in Evocations
 17648 | Lair:2   | Identified the +10 rapier of Perul {holy, ^Fragile rC+
                  | rCorr Int+3}
 17757 | Lair:2   | Received a gift from Okawaru
 18612 | Lair:3   | Reached XP level 14. HP: 93/93 MP: 10/19
 18626 | Lair:3   | Acquired a gyrotuning subsystem {rElec Will+ Clar RMsl}
 18909 | Lair:3   | Found a hole to the Spider Nest.
 18966 | Lair:3   | Received a gift from Okawaru
 19668 | Lair:4   | Found the +8 Wrath of Trog {antimagic, *Rage Rampage}
 19684 | Lair:4   | Found a viscous altar of Jiyva.
 19823 | Lair:4   | Reached skill level 15 in Evocations
 20539 | Lair:5   | Entered Level 5 of the Lair of Beasts
 20572 | Lair:5   | Received a gift from Okawaru
 20898 | Lair:5   | Noticed a dire elephant
 20931 | Lair:5   | Killed a dire elephant
 21081 | Lair:5   | Noticed a dire elephant
 21088 | Lair:5   | Received a gift from Okawaru
 21141 | Lair:5   | Reached skill level 16 in Evocations
 21512 | Lair:5   | Reached XP level 15. HP: 86/98 MP: 5/21
 21721 | Lair:5   | Received a gift from Okawaru
 22306 | Lair:5   | Reached skill level 10 in Armour
 22468 | Lair:5   | Identified the +4 short sword of the Sky {flame, Str+2
                  | Dex+2}
 22736 | Orc:1    | Entered Level 1 of the Orcish Mines
 22947 | Orc:2    | Entered Level 2 of the Orcish Mines
 22947 | Orc:2    | Found a staircase to the Elven Halls.
 22957 | Orc:2    | Received a gift from Okawaru
 23437 | Orc:2    | Reached skill level 17 in Evocations
 23648 | Orc:2    | Found Guhonk's Weapon Emporium.
 23648 | Orc:2    | Found Tioviorgh's Antique Armour Boutique.
 23650 | Orc:2    | Found Geok's Book Emporium.
 23650 | Orc:2    | Found Rogiom's Antique Weapon Boutique.
 23904 | Orc:1    | Found Heaqeq's Book Emporium.
 24085 | Orc:1    | Found a shimmering blue altar of Sif Muna.
 24804 | D:13     | Reached skill level 10 in Invocations
 24978 | D:13     | Found a gate to the Vaults.
 24985 | D:13     | Received a gift from Okawaru
 25426 | D:14     | Found a broken altar of Ashenzari.
 25614 | D:14     | Identified the +5 ring mail of Contentment {rF- rN++}
 25627 | D:14     | Noticed Lodul
 25631 | D:14     | Reached skill level 18 in Evocations
 25637 | D:14     | Killed Lodul
 25642 | D:14     | Reached XP level 16. HP: 99/104 MP: 12/23
 26008 | D:14     | Noticed Nessos
 26021 | D:14     | Killed Nessos
 26181 | D:14     | Noticed Agnes
 26189 | D:14     | Killed Agnes
 26189 | D:14     | Received a gift from Okawaru
 26533 | D:15     | Entered Level 15 of the Dungeon
 27043 | D:15     | Found a staircase to the Depths.
 27712 | Spider:1 | Entered Level 1 of the Spider Nest
 28189 | Spider:1 | Received a gift from Okawaru
 28232 | Spider:1 | Reached skill level 19 in Evocations
 28785 | Spider:1 | Noticed Vegewkit's ghost (adept GrAE)
 28792 | Spider:1 | Identified the +1 robe of Fidoblaak {Harm *Slow Regen+
                  | Int-4}
 28799 | Spider:1 | Found a transporter.
 28812 | Spider:1 | Found a transporter.
 29271 | Spider:2 | Reached XP level 17. HP: 44/109 MP: 0/25
 29278 | Spider:2 | Received a gift from Okawaru
 29839 | Spider:2 | Reached skill level 20 in Evocations
 30103 | Spider:3 | Noticed Donald
 30116 | Spider:3 | Slain by a pharaoh ant

Illustrated notes

Levels and vault maps discovered:
D:1:      mrwooster_arrival_statue, layout_basic
D:2:      layout_basic
D:3:      layout_basic, grunt_temple_overflow_order_and_chaos_2,
          uniq_crazy_yiuf_cottage, uniq_terence
D:4:      layout_cave_pools, nicolae_vehumet_radiance,
          yredelemnul_altar_generic, nicolae_temple_entry_ecumenical,
          mainiacjoe_sewer_entry_somewhere_in_here_2,
          serial_library_hellmonk_double_dead_end, kennysheep_generic_room_7,
          uniq_pikel
D:5:      layout_loops_corners, uniq_blork_the_orc
D:6:      layout_loops_ring, nicolae_overflow_quartered_altars,
          gup_ossuary_entry_pyramid, uniq_sigmund
D:7:      layout_loops_ring, mainiacjoe_overflow_catwalk, enter_bailey_2,
          nicolae_nh_ransacked_shop
D:8:      cheibrodos_fzero, layout_basic, kennysheep_okawaru_gauntlet,
          hellmonk_lair_entry_icy, uniq_jeremiah
D:9:      layout_roguey, mainiacjoe_overflow_chevrons, orc_0_dummy,
          serial_shops, nicolae_shop_tiny_real_fake_doors
D:10:     layout_irregular_city, serial_shops, nicolae_shop_getting_attention
D:11:     layout_loops_ring, nicolae_trove_entry_free_sample, serial_rivers,
          chequers_serial_rivers_micro_e, chequers_serial_rivers_micro_a,
          chequers_serial_rivers_small_b, chequers_serial_rivers_micro_c,
          chequers_serial_rivers_large_a, nicolae_kikubaaqudgha_miasma_corner
D:12:     minmay_two_paths, layout_long_grid, gauntlet_entry_generic
D:13:     layout_roguey, hellmonk_vaults_order_and_chaos, nrook_pool_corridor
D:14:     layout_layer_cave, ashenzari_altar_1, uniq_lodul, uniq_agnes,
          uniq_nessos
D:15:     hangedman_depths_entry_try_elsewhere_first, layout_gridville,
          minmay_parallelograms
Temple:   grunt_temple_mini_profane
Lair:1:   lemuel_slime, layout_loops_ring, minmay_holes, serial_bayou_pond_a,
          minivault_23
Lair:2:   layout_chaotic_city, minmay_shoals_entry_beasts, evilmike_ambush
          [evilmike_ambush_outer_corners, evilmike_ambush_inner_pond],
          serial_bayou_shore_b
Lair:3:   layout_loops_ring, nicolae_spider_entry_tight_spaces
Lair:4:   layout_regular_city, minmay_slime_entry_oklob_open,
          serial_bayou_shore_b
Lair:5:   hangedman_lair_in_review, layout_big_grid, infiniplex_staircase_pool_2
Spider:1: layout_spider_delve, gammafunk_ghost_arena
Spider:2: layout_spider_delve, nicolae_spider_solar_radiation
Spider:3: layout_spider_delve, drop_trap, beargit_elvish_explorers, uniq_donald
Orc:1:    layout_caves, serial_shops, shop, led_sif_book
Orc:2:    grunt_orc_tribal_feast, layout_caves

Skill      XL: |  1  2  3  4  5  6  7  8  9 10 11 12 13 14 15 16 17 |
---------------+----------------------------------------------------+-----
Axes           | 3 4 5 8 9 11 13 15 16 17 18 | 18.0
Evocations     | 7 11 12 14 16 18 19 20 | 20.1
Invocations    | 2 5 6 8 10 11 12 | 12.0
Armour         | 5 7 9 11 12 13 | 13.0
Fighting       | |  3.0
Shields        | |  2.1

Action                     |  1- 3 |  4- 6 |  7- 9 | 10-12 | 13-15 | 16-18 || total
---------------------------+-------+-------+-------+-------+-------+-------++-------
  Melee: War axe           |    96 |   107 |   478 |   446 |    80 |       ||  1207
         Dagger            |    17 |       |       |       |       |       ||    17
         Broad axe         |       |       |       |   270 |   966 |   647 ||  1883
         Whip              |       |       |       |       |   663 |       ||   663
  Throw: Dart              |       |       |       |     1 |     2 |       ||     3
 Invoke: Heroism           |       |       |       |     2 |     8 |     8 ||    18
         Receive Weapon    |       |       |       |       |     1 |       ||     1
         Receive Armour    |       |       |       |       |     1 |       ||     1
         Finesse           |       |       |       |       |     4 |     2 ||     6
Ability: Invent Gizmo      |       |       |       |       |     1 |       ||     1
  Evoke: Wand              |       |       |     7 |    18 |     4 |       ||    29
         Condenser vane    |       |       |       |     1 |     2 |     2 ||     5
    Use: Scroll            |       |     2 |    12 |    15 |     8 |     1 ||    38
         Potion            |       |       |     5 |     2 |     2 |     1 ||    10
   Stab: Sleeping          |       |       |       |       |    12 |     2 ||    14
         Distracted        |       |       |       |       |     1 |     1 ||     2
 Armour: Scale mail        |    69 |    29 |       |       |       |       ||    98
         Plate armour      |       |    35 |   269 |   429 |   136 |       ||   869
         Shadow dragon sca |       |       |       |       |   542 |   423 ||   965
  Dodge: Dodged            |    38 |    22 |    52 |    97 |   275 |   173 ||   657
         Repelled          |       |       |       |       |    10 |     5 ||    15
  Block: Buckler           |     3 |       |       |       |       |       ||     3

Table legend: (Time is in decaauts)
 A = Elapsed time spent in this place.
 B = Non-inter-level travel time spent in this place.
 C = Inter-level travel time spent in this place.
 D = Time resting spent in this place.
 E = Time spent auto-exploring this place.
 F = Levels seen in this place.
 G = Mean time per level.
                   A        B        C        D        E       F      G
               +--------+--------+--------+--------+--------+-----+--------+
         Total |  29654 |  28326 |   1328 |   7022 |  16980 |  29 | 1022.6 |
       Dungeon |  18416 |  17549 |    867 |   4377 |  10780 |  15 | 1227.7 |
        Temple |      1 |      1 |      0 |      0 |      0 |   1 |    1.0 |
          Lair |   6379 |   6058 |    321 |   1221 |   3899 |   5 | 1275.8 |
   Spider Nest |   1991 |   1950 |     41 |    468 |   1163 |   3 |  663.7 |
  Orcish Mines |   1377 |   1280 |     97 |    209 |    921 |   2 |  688.5 |
         Trove |    130 |    130 |      0 |      0 |     16 |   1 |  130.0 |
        Bailey |    709 |    709 |      0 |    403 |     59 |   1 |  709.0 |
      Gauntlet |    647 |    647 |      0 |    343 |    141 |   1 |  647.0 |
               +--------+--------+--------+--------+--------+-----+--------+

Top non-repeatable levels by time:
    D:12: 1939 daAuts
  Lair:5: 1885 daAuts
     D:7: 1735 daAuts
     D:5: 1611 daAuts
     D:8: 1497 daAuts
     D:6: 1456 daAuts
    D:10: 1359 daAuts
  Lair:3: 1353 daAuts
    D:14: 1250 daAuts
    D:11: 1240 daAuts
  Lair:2: 1140 daAuts
Spider:2: 1060 daAuts
     D:3: 1034 daAuts
  Lair:1: 1021 daAuts
    D:13: 1020 daAuts
